 Dungeon Crawl Stone Soup version 0.29-a0-994-gc5c9f59d18 (webtiles) character file.

Game seed: 6696657977392476036

1934 Newt the Twirler (level 8, -1/91 HPs)
             Began as a Demonspawn Gladiator on Aug 3, 2022.
             Was a Follower of Wu Jian.
             Slain by Encipher's ghost (3 damage)
             ... on level 7 of the Dungeon.
             The game lasted 00:15:25 (6768 turns).

Newt the Twirler (Demonspawn Gladiator)             Turns: 6768, Time: 00:15:26

Health: -1/91      AC: 24    Str: 17    XL:     8   Next: 97%
Magic:  8/8        EV:  2    Int:  9    God:    Wu Jian [*.....]
Gold:   31         SH:  0    Dex: 15    Spells: 7/7 levels left

rFire   . . .      SeeInvis .   x - +5 quarterstaff of Judgement {freeze, rElec Will- rCorr Stlth-}
rCold   . . .      Faith    .   (shield currently unavailable)
rNeg    . . .      Spirit   .   (body armour currently unavailable)
rPois   +          Reflect  .   (helmet currently unavailable)
rElec   +          Harm     .   (cloak currently unavailable)
rCorr   +          Rampage  .   (gloves currently unavailable)
Will    .....      NoTele   +   (boots unavailable)
Stlth   +.........              (no amulet)
HPRegen 0.25/turn               u - ring of resist corrosion
MPRegen 0.11/turn               (no ring)

@: tree-form
A: stationary, stasis, torment immunity, boosted hp, (hooves 3), foul stench 1,
(sturdy frame 1)
a: Renounce Religion


You were on level 7 of the Dungeon.
You worshipped Wu Jian.
Wu Jian was aware of your devotion.
You were a tree.
You visited 2 branches of the dungeon, and saw 8 of its levels.

You collected 283 gold pieces.
You spent 252 gold pieces at shops.

Inventory:

Hand Weapons
 a - a +1 quarterstaff
 x - the +5 quarterstaff of Judgement (weapon) {freeze, rElec Will- rCorr Stlth-}
   (You bought it in a shop on level 6 of the Dungeon)

   It freezes those it strikes, dealing additional cold damage.
   It can also slow down cold-blooded creatures.
   rElec:     It insulates you from electricity.
   rCorr:     It protects you from acid and corrosion.
   Will:      It decreases your willpower.
   Stlth:     It makes you less stealthy.
Missiles
 d - 2 throwing nets (quivered)
 e - a javelin
 h - 8 boomerangs
Armour
 b - a +0 leather armour
 c - a +0 helmet (melded)
 f - +1 steam dragon scales (melded)
 i - a +0 scale mail
 j - a +0 pair of gloves (melded)
Magical Staves
 v - a staff of fire
Jewellery
 u - a ring of resist corrosion (left branch)
Scrolls
 n - 2 scrolls of identify
 t - a scroll of magic mapping
Potions
 l - 2 potions of brilliance
 m - a potion of cancellation
 o - a potion of magic
 p - a potion of invisibility
 q - a potion of mutation
 r - a potion of flight


   Skills:
 + Level 4.6 Fighting
 + Level 7.0 Staves
 + Level 1.7 Throwing
 + Level 4.3 Armour
 + Level 3.9 Dodging
 + Level 1.5 Stealth
 * Level 5.1 Evocations


You had 7 spell levels left.
You didn't know any spells.
Your spell library contained the following spells:

 Spells                   Type           Power      Damage    Failure   Level
 Beastly Appendage        Tmut           0%         N/A       38%         1
 Magic Dart               Conj           0%         1d3       38%         1
 Call Imp                 Summ           0%         N/A       52%         2
 Sublimation of Blood     Necr           0%         N/A       52%         2
 Wereblood                Tmut           0%         N/A       52%         2
 Mephitic Cloud           Conj/Pois/Air  0%         N/A       77%         3
 Spider Form              Tmut/Pois      0%         N/A       77%         3
 Leda's Liquefaction      Hex/Erth       0%         N/A       99%         4
 Lee's Rapid Deconstruct  Erth           0%         3d5*      100%        5
 Statue Form              Tmut/Erth      0%         N/A       100%        6
 Summon Hydra             Summ           0%         N/A       100%        7


Dungeon Overview and Level Annotations

Branches:
Dungeon (7/15)             Temple (1/1) D:4

Altars:
Ashenzari
Cheibriados
Fedhas
Hepliaklqana
Nemelex Xobeh
Sif Muna
Trog
Wu Jian
Yredelemnul

Shops:
D:4 [   D:6 (

Annotations:
D:3 1 runed translucent door
D:5 1 transporter, ytrimaz's ghost, novice FoFi
D:7 Encipher's ghost, novice MfIE


Innate Abilities, Weirdness & Mutations

You are a tree.
Your roots penetrate the ground, keeping you stationary.
You cannot be teleported.
You are immune to unholy pain and torment.
Your maximum health is greatly increased.
Your equipment is partially melded.
((You have hooves in place of feet.))
You may rarely emit foul miasma when damaged in melee.
((Your movements are slightly less encumbered by armour. (ER -2)))


Message History

Your kick misses Encipher's ghost.
Encipher's ghost is severely damaged.
Encipher's ghost freezes you.
You are frozen!
* * * LOW HITPOINT WARNING * * *
Unknown command.
You feel better. Encipher's ghost hits you!
* * * LOW HITPOINT WARNING * * *
As you read the scroll of teleportation, it crumbles to dust.
You feel strangely unstable. Encipher's ghost closely misses you.
Really quaff the potion of lignification?
You turn into a tree.
Your +0 helmet melds into your body.
Your +0 pair of gloves melds into your body.
Your +1 steam dragon scales melds into your body.
Your roots penetrate the ground.
You feel strangely stable. Encipher's ghost freezes you.
You are frozen.
* * * LOW HITPOINT WARNING * * *
You hit Encipher's ghost but do no damage.
Encipher's ghost is severely damaged.
Encipher's ghost hits you.
* * * LOW HITPOINT WARNING * * *
You closely miss Encipher's ghost.
Encipher's ghost is severely damaged.
Encipher's ghost hits you but does no damage.
You hit Encipher's ghost. You freeze Encipher's ghost.
Encipher's ghost is severely damaged.
Encipher's ghost hits you but does no damage.
You hit Encipher's ghost. You freeze Encipher's ghost.
Encipher's ghost is severely damaged.
Encipher's ghost hits you but does no damage.
You barely miss Encipher's ghost.
Encipher's ghost is severely damaged.
Encipher's ghost freezes you.
You are frozen!
* * * LOW HITPOINT WARNING * * *
You hit Encipher's ghost. You freeze Encipher's ghost.
Encipher's ghost is almost destroyed.
Encipher's ghost hits you.
You die...

#......†....>#
###.##...†###### #.........#
###.#.....#.# ........###.#
###.......#.# # # ###
#.......#.#######
#.#.#.######................
#.....#.ZZW♣.............#..
##[...'.ZZ##...^...#.###....
#.[...'..Z##.......#........
##..?.'..###....(...(.......
#.....#..# #######.#####....
#.#.#.#.#.## .# ###..
##########.# .# ##.
#.......#..# .# #.
######.######.#.# .# #####.


You could see a spectral centaur, Encipher's ghost, an unseen horror simulacrum,
a centaur zombie and an unseen horror skeleton.

Vanquished Creatures
  A wyvern (D:7)
  A steam dragon (D:6)
  Duvessa (D:4)
  A water moccasin (D:6)
  A black bear (D:6)
  An orc warrior (D:6)
  2 ogres
  2 bullfrogs (D:7)
  A gnoll sergeant (D:6)
  A necrophage (D:4)
  A scorpion (D:4)
  Dowan (D:4)
  The ghost of kd29 the Insei, a weakling DsTm (D:3)
  A howler monkey (D:5)
  A hound (D:5)
  2 gnoll boudas
  4 orc priests
  3 orc wizards
  3 iguanas
  A mummy (D:4)
  4 adders
  13 gnolls
  A river rat (D:3)
  3 ufetubi
  A dart slug (D:4)
  2 worms (D:2)
  19 orcs
  8 endoplasms
  5 giant cockroaches
  5 hobgoblins
  4 jackals (D:1)
  7 kobolds
  3 quokkas (D:2)
  2 training dummies (D:4)
  8 ball pythons
  5 bats
  5 goblins
  8 rats
133 creatures vanquished.

Vanquished Creatures (others)
  11 plants (D:3)
11 creatures vanquished.

Grand Total: 144 creatures vanquished

Notes
Turn   | Place    | Note
-------+----------+-------------------------------------------
     0 | D:1      | Newt the Demonspawn Gladiator began the quest for the Orb.
     0 | D:1      | Reached XP level 1. HP: 16/16 MP: 1/1
   357 | D:1      | Gained mutation: You may rarely emit foul miasma when
                  | damaged in melee. [demonic ancestry]
   357 | D:1      | Reached XP level 2. HP: 19/22 MP: 2/2
   462 | D:1      | Reached skill level 1 in Evocations
   475 | D:1      | Reached skill level 3 in Staves
   948 | D:2      | Reached XP level 3. HP: 27/27 MP: 3/3
  1602 | D:2      | Found a faded altar of an unknown god.
  1686 | D:2      | Gained mutation: You have large cloven feet. [demonic
                  | ancestry]
  1686 | D:2      | Reached XP level 4. HP: 29/33 MP: 4/4
  1889 | D:3      | Found a runed translucent door.
  1906 | D:3      | Noticed kd29's ghost (weakling DsTm)
  1942 | D:3      | Killed kd29's ghost
  1943 | D:3      | Reached skill level 1 in Armour
  1953 | D:3      | Found a runed translucent door.
  2186 | D:3      | You fall into a shaft and drop 1 floor!
  2243 | D:4      | Noticed an ogre
  2294 | D:4      | Found Gieximna's Armour Boutique.
  2299 | D:4      | Gained mutation: Your movements are slightly less
                  | encumbered by armour. (ER -2) [demonic ancestry]
  2299 | D:4      | Reached XP level 5. HP: 39/39 MP: 5/5
  2324 | D:4      | Reached skill level 4 in Staves
  2398 | D:4      | Found a staircase to the Ecumenical Temple.
  2403 | D:4      | Reached XP level 6. HP: 41/46 MP: 6/6
  2867 | D:4      | Found a snail-covered altar of Cheibriados.
  3047 | Temple   | Entered the Ecumenical Temple
  3057 | Temple   | Became a worshipper of the Wu Jian Council
  3117 | D:4      | Noticed Duvessa
  3117 | D:4      | Noticed Dowan
  3121 | D:4      | Killed Duvessa
  3124 | D:4      | Killed Dowan
  3125 | D:4      | Gained mutation: You have hoof-like feet. [demonic
                  | ancestry]
  3125 | D:4      | Reached XP level 7. HP: 50/52 MP: 7/7
  3402 | D:4      | Found a sparkling altar of Nemelex Xobeh.
  3456 | D:5      | Entered Level 5 of the Dungeon
  3461 | D:5      | Reached skill level 5 in Staves
  4177 | D:5      | Noticed ytrimaz's ghost (novice FoFi)
  4179 | D:5      | Found a transporter.
  4370 | D:5      | Found a basalt altar of Yredelemnul.
  4463 | D:5      | Reached skill level 1 in Stealth
  4650 | D:6      | Found Yplih's Antique Weapon Emporium.
  4677 | D:6      | Gained mutation: You have hooves in place of feet. [demonic
                  | ancestry]
  4677 | D:6      | Reached XP level 8. HP: 49/60 MP: 8/8
  4788 | D:6      | Reached * piety under Wu Jian
  4884 | D:6      | Reached skill level 6 in Staves
  6164 | D:6      | Bought a crystal quarterstaff for 252 gold pieces
  6164 | D:6      | Identified the +5 quarterstaff of Judgement {freeze, rElec
                  | Will- rCorr Stlth-} (You bought it in a shop on level 6 of
                  | the Dungeon)
  6647 | D:7      | Reached skill level 7 in Staves
  6647 | D:7      | Reached skill level 5 in Evocations
  6719 | D:7      | Found a runed translucent gate.
  6719 | D:7      | Found a runed translucent gate.
  6721 | D:7      | Found a runed translucent gate.
  6725 | D:7      | Noticed Encipher's ghost (novice MfIE)
  6767 | D:7      | HP: 1/91 [frozen (13)]
  6768 | D:7      | Slain by Encipher's ghost

Illustrated notes

Levels and vault maps discovered:
D:1:      dpeg_arrival_rooms_b, layout_basic
D:2:      layout_loops_ring, ebering_ecumenical_altar_sacrificial,
          minmay_pentomino_p4
D:3:      layout_loops_ring, nicolae_overflow_two_pavilions,
          mainiacjoe_overflow_concentric_impassable, ebering_ghost_sewer_f,
          wad_woods_river_04
D:4:      dreamdust_elfheim, layout_basic, slow_altar_2,
          nemelex_spade_bored_becter, minmay_temple_entry_purple_smoke,
          serial_shops, nicolae_shop_trees
D:5:      layout_cave_pools, yredelemnul_altar_generic, gammafunk_ghost_smash,
          water_maze_lemuel
D:6:      layout_layer_cave, serial_rivers, chequers_serial_rivers_micro_d,
          chequers_serial_rivers_micro_e, chequers_serial_rivers_small_b,
          chequers_serial_rivers_micro_b, serial_shops, nicolae_shop_stone
D:7:      layout_loops_ring, gammafunk_ghost_necromancy, solitary_fountain
Temple:   compressed_dpeg_triangle_lava_temple

Skill      XL: |  1  2  3  4  5  6  7  8 |
---------------+-------------------------+-----
Evocations     | 1 2 3 4 5 |  5.1
Staves         | 3 4 5 7 |  7.0
Dodging        | 3 |  3.9
Armour         | 1 2 3 4 |  4.3
Fighting       | 3 4 |  4.6
Stealth        | 1 |  1.5
Throwing       | |  1.7

Action                   |  1- 3 |  4- 6 |  7- 9 || total
-------------------------+-------+-------+-------++-------
Melee: Quarterstaff      |   142 |   126 |   216 ||   484
       Kick              |       |    35 |    54 ||    89
Throw: Throwing net      |       |     1 |       ||     1
Invok: Lunge             |       |       |    11 ||    11
  Use: Scroll            |     7 |     3 |    13 ||    23
       Potion            |       |     2 |     6 ||     8
 Stab: Sleeping          |     2 |       |       ||     2
Armor: Leather armour    |    45 |       |       ||    45
       Scale mail        |    11 |    53 |    65 ||   129
       Skin              |       |       |    14 ||    14
       Steam dragon scal |       |       |     9 ||     9
Dodge: Dodged            |    98 |    71 |    92 ||   261

Table legend: (Time is in decaauts)
 A = Elapsed time spent in this place.
 B = Non-inter-level travel time spent in this place.
 C = Inter-level travel time spent in this place.
 D = Time resting spent in this place.
 E = Time spent auto-exploring this place.
 F = Levels seen in this place.
 G = Mean time per level.
                   A        B        C        D        E       F      G
               +--------+--------+--------+--------+--------+-----+--------+
         Total |   6807 |   6541 |    266 |   1499 |   3876 |   8 |  850.9 |
       Dungeon |   6790 |   6524 |    266 |   1499 |   3876 |   7 |  970.0 |
        Temple |     16 |     16 |      0 |      0 |      0 |   1 |   16.0 |
               +--------+--------+--------+--------+--------+-----+--------+

Top non-repeatable levels by time:
     D:6: 1631 daAuts
     D:4: 1260 daAuts
     D:5: 1239 daAuts
     D:1: 952 daAuts
     D:2: 886 daAuts
     D:7: 442 daAuts
     D:3: 378 daAuts
  Temple: 16 daAuts
